 Dungeon Crawl Stone Soup version 0.27-a0-416-gca2cecf3c0 (webtiles) character file.

Game seed: 6401195132568426421

23 Morbidden the Skirmisher (level 2, 0/24 HPs)
             Began as a Demonspawn Wanderer on Feb 25, 2021.
             Slain by an adder (1 damage)
             ... on level 2 of the Dungeon.
             The game lasted 00:01:56 (1379 turns).

Morbidden the Skirmisher (Demonspawn Wanderer)      Turns: 1379, Time: 00:01:56

Health: 0/24       AC:  2    Str: 12    XL:     2   Next: 72%
Magic:  2/5        EV: 11    Int: 15    God:
Gold:   33         SH:  0    Dex: 10    Spells: 4/5 levels left

rFire    . . .     SeeInvis .   (no weapon)
rCold    . . .     Faith    .   (no shield)
rNeg     . . .     Spirit   .   e - +0 robe
rPois    .         Reflect  .   (no helmet)
rElec    .         Harm     .   (no cloak)
rCorr    .         Rampage  .   (no gloves)
Will     .....                  (no boots)
Stlth    +.........             (no amulet)
HPRegen  0.08/turn              (no ring)
MPRegen  0.09/turn              (no ring)

@: lethally poisoned (0 -> -6), very slightly contaminated
A: talons 1
a: no special abilities


You were on level 2 of the Dungeon.
You visited 1 branch of the dungeon, and saw 2 of its levels.

You collected 33 gold pieces.

Inventory:

Missiles
 f - 13 poisoned darts (quivered)
Armour
 e - a +0 robe (worn)
Potions
 a - a potion of curing {unknown}
 b - a potion of haste
 c - 2 potions of ambrosia {unknown}
 d - a potion of attraction {unknown}
 g - a potion of mutation {unknown}


   Skills:
 * Level 3.4 Fighting
 + Level 0.5 Short Blades
 + Level 1.2 Axes
 + Level 1.0 Armour
 * Level 0.3 Dodging
 + Level 1.1 Stealth
 + Level 1.0 Shields
 + Level 0.1 Unarmed Combat
 * Level 2.1 Spellcasting
 * Level 0.4 Summonings
 + Level 1.0 Translocations


You had 4 spell levels left.
You knew the following spells:

 Your Spells              Type           Power        Failure   Level
a - Summon Small Mammal   Summ           8%           19%         1

Your spell library contained the following spells:

 Spells                   Type           Power        Failure   Level
 Summon Guardian Golem    Hex/Summ       2%           52%         3


Dungeon Overview and Level Annotations

Branches:
Dungeon (1/15)

Altars:


Innate Abilities, Weirdness & Mutations

You have sharp toenails.


Message History

The adder barely misses you.
You barely miss the adder.
The adder is severely wounded.
The adder bites you. The goblin closely misses you.
You barely miss the adder.
The adder is severely wounded.
You feel sick. The adder bites you. The goblin hits you with a +0 club.
You are too injured to fight recklessly!
You are too injured to fight recklessly!
You are too injured to fight recklessly!
You are too injured to fight recklessly!
You are too injured to fight recklessly!
You are too injured to fight recklessly!
You are too injured to fight recklessly!
Casting: Summon Small Mammal (safe; 19% risk of failure)
Confirm with . or Enter, or press ? or * to list all spells.
The adder bites you.
* * * LOW HITPOINT WARNING * * *
The goblin hits you but does no damage.
Your bat closely misses the goblin.
The adder completely misses you.
Your bat closely misses the goblin.
The adder closely misses you.
Unknown command.
Casting: Summon Small Mammal (safe; 19% risk of failure)
Confirm with . or Enter, or press ? or * to list all spells.
You miscast Summon Small Mammal.
You are very lightly contaminated with residual magic.
Nothing appears to happen.
Your bat barely misses the goblin.
The goblin closely misses you. The adder bites you.
* * * LOW HITPOINT WARNING * * *
Casting: Summon Small Mammal (safe; 19% risk of failure)
Confirm with . or Enter, or press ? or * to list all spells.
* * * LOW HITPOINT WARNING * * *
You feel sick.
Your bat misses the goblin. The adder barely misses you.
The goblin completely misses you.
Your bat hits the goblin. Your bat hits the goblin. The adder bites you.
* * * LOW HITPOINT WARNING * * *
You are more poisoned.
The adder poisons you! The goblin closely misses your bat.
Your bat barely misses the goblin.
The adder bites you.
You die...

#. #. #. #. #.#####
##.#... ##.b.S####
#.bg@....#
##....##.#
.##..#.##.#
......(##.# .#
###..####.# #.# #..#
#.# #.#
##...###.###.##
##........##...##
#.......###.....####


You could see an adder, a goblin (ally target) and 2 friendly bats.

Vanquished Creatures
  A gnoll (D:1)
  A giant cockroach (D:1)
  A goblin (D:1)
  2 hobgoblins (D:1)
  4 kobolds (D:1)
  3 bats (D:1)
  3 frilled lizards
  A rat (D:1)
16 creatures vanquished.

Vanquished Creatures (collateral kills)
  A goblin (D:1)
  A bat (D:1)
2 creatures vanquished.

Grand Total: 18 creatures vanquished

Notes
Turn   | Place    | Note
-------+----------+-------------------------------------------
     0 | D:1      | Morbidden the Demonspawn Wanderer began the quest for the
                  | Orb.
     0 | D:1      | Morbidden set off with the following items: a +2 dagger, a
                  | potion of haste, a +0 hand axe, a +0 robe; and the
                  | following spell memorised: Summon Small Mammal; and the
                  | following spells available to memorise: Summon Guardian
                  | Golem
     0 | D:1      | Reached XP level 1. HP: 18/18 MP: 3/3
   257 | D:1      | Gained mutation: You have sharp toenails. [demonic
                  | ancestry]
   257 | D:1      | Reached XP level 2. HP: 24/24 MP: 5/5
  1302 | D:1      | You fall into a shaft and drop 1 floor!
  1379 | D:2      | HP: 1/24 [adder (1)]
  1379 | D:2      | Slain by an adder

Illustrated notes

Levels and vault maps discovered:
D:1:      amcnicky_arrival_blooded_trapdoor, layout_basic
D:2:      layout_loops_corners, nemelex_xobeh_ov_fountains_minmay,
          okawaru_gym_becter, uniq_crazy_yiuf_cottage

Action                   || total
-------------------------++-------
Melee: Dagger            ||    27
       Unarmed           ||    37
       Kick              ||     5
Throw: Dart              ||    14
 Cast: Summon Small Mamm ||    19
 Stab: Sleeping          ||     1
Armor: Robe              ||    28
Dodge: Dodged            ||    67

Table legend: (Time is in decaauts)
 A = Elapsed time spent in this place.
 B = Non-inter-level travel time spent in this place.
 C = Inter-level travel time spent in this place.
 D = Time resting spent in this place.
 E = Time spent auto-exploring this place.
 F = Levels seen in this place.
 G = Mean time per level.
                   A        B        C        D        E       F      G
               +--------+--------+--------+--------+--------+-----+--------+
         Total |   1378 |   1378 |      0 |    253 |    903 |   2 |  689.0 |
       Dungeon |   1378 |   1378 |      0 |    253 |    903 |   2 |  689.0 |
               +--------+--------+--------+--------+--------+-----+--------+

Top non-repeatable levels by time:
     D:1: 1301 daAuts
     D:2: 76 daAuts
